 Dungeon Crawl Stone Soup version 0.29.1-12-g30fa7ad0bf (webtiles) character file.

Game seed: 6658568193025187654

35 suipiss the Trooper (level 3, 0/29 HPs)
             Began as a Demonspawn Abyssal Knight on Dec 31, 2022.
             Was a Priest of Lugonu.
             Slain by Terence
             ... wielding a +0 flail
              (6 damage)
             ... on level 2 of the Dungeon.
             The game lasted 00:02:04 (1146 turns).

suipiss the Trooper (Demonspawn Abyssal Knight)     Turns: 1146, Time: 00:02:05

Health: 0/29       AC:  7    Str: 15    XL:     3   Next: 16%
Magic:  5/5        EV: 26    Int: 11    God:    Lugonu [***...]
Gold:   77         SH:  0    Dex: 13    Spells: 2/2 levels left

rFire   . . .      SeeInvis .   h - +0 whip (drain)
rCold   . . .      Faith    .   (no shield)
rNeg    . . .      Spirit   .   b - +0 leather armour
rPois   .          Reflect  .   i - +0 helmet
rElec   .          Harm     .   c - +0 cloak
rCorr   .          Rampage  .   (no gloves)
Will    .....                   (no boots)
Stlth   +.........              k - amulet of the acrobat
HPRegen 0.09/turn               (no ring)
MPRegen 0.09/turn               (no ring)

@: brilliant, acrobatic, flying
A: yellow scales 1
a: Renounce Religion, Depart the Abyss, Bend Space, Banish


You were on level 2 of the Dungeon.
You worshipped Lugonu.
Lugonu was most pleased with you.
You visited 1 branch of the dungeon, and saw 2 of its levels.
You visited the Abyss 1 time.

You collected 77 gold pieces.

Inventory:

Hand Weapons
 a - a +1 mace
 h - a +0 whip of draining (weapon)
Missiles
 f - a throwing net
Armour
 b - a +0 leather armour (worn)
 c - a +0 cloak (worn)
 i - a +0 helmet (worn)
Jewellery
 k - an amulet of the acrobat (around neck)
Potions
 e - a potion of brilliance


   Skills:
 + Level 3.1 Fighting
 + Level 2.1 Maces & Flails
 + Level 2.1 Armour
 + Level 1.2 Dodging
 + Level 1.0 Shields
 + Level 2.8 Invocations


You had 2 spell levels left.
You didn't know any spells.
Your spell library was empty.

Dungeon Overview and Level Annotations

Branches:
Dungeon (2/15)

Altars:

Annotations:
D:2 Terence


Innate Abilities, Weirdness & Mutations

You are partially covered in yellow scales. (AC +2)


Message History

You hit Terence.
Terence is moderately wounded.
Terence barely misses you.
You hit Terence but do no damage.
Terence is moderately wounded.
Terence hits you but does no damage.
You hit Terence.
Terence is moderately wounded.
Terence hits you with a +0 flail.
You hit Terence.
Terence is heavily wounded.
Terence hits you with a +0 flail.
It was a potion of brilliance.
You feel clever all of a sudden. Terence barely misses you.
You closely miss Terence.
Terence is heavily wounded.
Terence hits you with a +0 flail.
It was a potion of flight.
You feel very buoyant.
You fly up into the air.
Terence closely misses you.
You barely miss Terence.
Terence is heavily wounded.
Terence hits you with a +0 flail.
You closely miss Terence.
Terence is heavily wounded.
Terence barely misses you.
You aren't carrying any scrolls.
You aren't carrying any items that you can evoke.
You barely miss Terence.
Terence is heavily wounded.
Terence hits you with a +0 flail.
* * * LOW HITPOINT WARNING * * *
You hit Terence but do no damage.
Terence is heavily wounded.
Terence closely misses you.
Press: ? - help, v - describe, . - travel The floor.
Terence attacks as you move away! Terence hits you with a +0 flail.
You die...

#.....#.#
#.####.##
##.# ###
#..# #.##
#.# #.#
#.# #@#
#@# #.#
#.# #.#
#.# #.#
#.# ..#


You could see Terence (very drained).

Vanquished Creatures
  2 ball pythons
  2 bats (D:1)
  3 endoplasms (D:1)
  A giant cockroach (D:1)
  4 hobgoblins (D:1)
  4 jackals (D:1)
  3 quokkas (D:1)
  A frilled lizard (D:1)
  4 goblins
  2 kobolds
  2 rats (D:1)
28 creatures vanquished.

Notes
Turn   | Place    | Note
-------+----------+-------------------------------------------
     0 | Abyss:1  | suipiss the Demonspawn Abyssal Knight began the quest for
                  | the Orb.
     0 | Abyss:1  | Reached XP level 1. HP: 18/18 MP: 2/2
     1 | D:1      | Escaped the Abyss
    65 | D:1      | Reached skill level 1 in Dodging
    83 | D:1      | Found a faded altar of an unknown god.
   139 | D:1      | Gained mutation: You are partially covered in yellow
                  | scales. (AC +2) [demonic ancestry]
   139 | D:1      | Reached XP level 2. HP: 3/24 MP: 3/3
   733 | D:1      | Reached XP level 3. HP: 28/29 MP: 5/5
   762 | D:1      | Reached *** piety under Lugonu
   763 | D:1      | Reached skill level 1 in Shields
  1129 | D:2      | Noticed Terence
  1146 | D:2      | Slain by Terence

Illustrated notes

Levels and vault maps discovered:
D:1:      saegor_arrival_simple_a, layout_rooms,
          shapermc_ecumenical_altar_flowoftime, hangedman_decor_push,
          minmay_unequal
D:2:      layout_loops_ring, basic_altar, minmay_surrounded, uniq_terence

Skill      XL: |  1  2  3 |
---------------+----------+-----
Dodging        | 1 |  1.2
Armour         | 2 |  2.1
Maces & Flails | 2 |  2.1
Shields        | 1 |  1.0
Fighting       | |  3.1
Invocations    | |  2.8

Action                   || total
-------------------------++-------
Melee: Mace              ||    55
       Punch             ||     1
       Whip              ||    26
  Use: Potion            ||     3
       Scroll            ||     5
Armor: Leather armour    ||    25
Dodge: Dodged            ||    76
